 Dungeon Crawl Stone Soup version 0.28-a0-1213-g0243856f03 (webtiles) character file.

Game seed: 15831831025604198760

3903 siradein the Ducker (level 10, -1/76 HPs)
             Began as a Vampire Gladiator on Dec 21, 2021.
             Was a Believer of Nemelex Xobeh.
             Slain by a centaur (14 damage)
             ... on level 7 of the Dungeon.
             The game lasted 00:31:54 (6680 turns).

siradein the Ducker (Vampire Gladiator)             Turns: 6680, Time: 00:31:56

Health: -1/76      AC: 11    Str: 20    XL:     10   Next: 0%
Magic:  17/17      EV: 18    Int: 18    God:    Nemelex Xobeh [**....]
Gold:   432        SH:  0    Dex: 15    Spells: 17/19 levels left

rFire   . . .      SeeInvis +   a - +0 long sword
rCold   . . .      Faith    .   (no shield)
rNeg    . . .      Spirit   .   F - +5 ring mail of Peek-a-Boo {rElec Str+3}
rPois   .          Reflect  .   c - +0 helmet
rElec   +          Harm     .   b - +0 cloak
rCorr   .          Rampage  .   u - +0 pair of gloves
Will    +....                   r - +1 pair of boots {Fly}
Stlth   +.........              (no amulet)
HPRegen 0.42/turn               E - +6 ring of intelligence
MPRegen 0.15/turn               i - +4 ring of evasion

@: corroded, flying, healing quickly
A: alive, fangs 3, see invisible, vampiric 2
a: Exsanguinate, Renounce Religion, Draw Escape, Draw Destruction, Draw
Summoning


You were on level 7 of the Dungeon.
You worshipped Nemelex Xobeh.
Nemelex Xobeh was pleased with you.
You visited 1 branch of the dungeon, and saw 7 of its levels.
You also visited: Sewer.

You collected 432 gold pieces.

Inventory:

Hand Weapons
 a - a +0 long sword (weapon)
Missiles
 d - a throwing net (quivered)
 p - 21 poisoned darts
 A - 4 curare-tipped darts
Armour
 b - a +0 cloak (worn)
 c - a +0 helmet (worn)
 r - a +1 pair of boots of flying (worn)
 u - a +0 pair of gloves (worn)
 F - the +5 ring mail of Peek-a-Boo (worn) {rElec Str+3}
   (You found it on level 6 of the Dungeon)

   Str:       It affects your strength (+3).
   rElec:     It insulates you from electricity.
Jewellery
 f - a ring of protection from cold
 i - a +4 ring of evasion (right hand)
 E - a +6 ring of intelligence (left hand)
 H - a ring of resist corrosion
Wands
 s - a wand of digging (12)
 y - a wand of paralysis (1)
Scrolls
 e - 3 scrolls of amnesia
 h - a scroll of vulnerability
 j - 8 scrolls of teleportation
 n - a scroll of torment {unknown}
 o - 2 scrolls of silence {unknown}
 q - 2 scrolls of enchant armour {unknown}
 B - 3 scrolls of immolation
 I - a scroll of enchant weapon {unknown}
Potions
 g - a potion of degeneration {unknown}
 k - a potion of curing
 l - a potion of cancellation {unknown}
 m - 3 potions of magic
 t - 3 potions of haste {unknown}
 v - a potion of ambrosia {unknown}
 w - a potion of lignification {unknown}
 x - a potion of brilliance
 z - a potion of resistance {unknown}
 C - a potion of flight {unknown}
 D - a potion of attraction {unknown}
 G - a potion of heal wounds {unknown}


   Skills:
 + Level 5.8 Fighting
 + Level 6.7 Long Blades
 - Level 1.5 Throwing
 + Level 7.5 Dodging
 + Level 5.0 Spellcasting
 + Level 6.2 Necromancy
 + Level 4.7 Invocations


You had 17 spell levels left.
You knew the following spells:

 Your Spells              Type           Power      Damage    Failure   Level
a - Corpse Rot            Necr/Air       30%        N/A       10%         2

Your spell library contained the following spells:

 Spells                   Type           Power      Damage    Failure   Level
 Ensorcelled Hibernation  Hex/Ice        8%         N/A       34%         2
 Poisonous Vapours        Pois/Air       8%         N/A       34%         2
 Spider Form              Tmut/Pois      4%         N/A       56%         3
 Tukima's Dance           Hex            4%         N/A       56%         3
 Fulminant Prism          Conj/Hex       2%         3d6       92%         4
 Iskenderun's Mystic Bla  Conj/Tloc      4%         2d3       92%         4
 Passage of Golubria      Tloc           4%         N/A       92%         4
 Lee's Rapid Deconstruct  Erth           2%         3d5*      99%         5
 Yara's Violent Unravell  Hex/Tmut       2%         3d3       99%         5


Dungeon Overview and Level Annotations

Branches:
Dungeon (7/15)             Temple (0/1) D:4           Sewer (visited)

Altars:
Nemelex Xobeh
Wu Jian


Innate Abilities, Weirdness & Mutations

Your natural rate of healing is accelerated.
You have razor-sharp teeth.
You have supernaturally acute eyesight. (SInv)
You are afflicted with vampirism and can become a bat while bloodless.


Message History

You hit the centaur. Your bite misses the centaur.
The centaur is moderately wounded.
The centaur completely misses you. The centaur barely misses you.
The centaur completely misses you.
The centaur kicks you but does no damage.
You hit the centaur. You bite the centaur.
The centaur is severely wounded.
The centaur closely misses you.
The centaur kicks you but does no damage.
You closely miss the centaur.
The centaur is severely wounded.
The centaur misses you.
The centaur kicks you but does no damage.
The centaur zaps a wand.
The bolt of acid misses you.
You hit the centaur but do no damage.
The centaur is severely wounded.
The centaur hits you but does no damage.
The centaur barely misses you.
You hit the centaur.
The centaur is almost dead.
The centaur completely misses you. The centaur closely misses you.
The centaur zaps a wand.
The bolt of acid hits you!! The acid corrodes you!
You hit the centaur.
The centaur is almost dead.
The centaur hits you with a +4 vorpal glaive!
The centaur barely misses you.
The centaur zaps a wand.
The bolt of acid misses you.
You are too injured to fight recklessly!
You are too injured to fight recklessly!
You closely miss the centaur. You bite the centaur.
The centaur is almost dead.
The centaur completely misses you. The centaur kicks you.
You closely miss the centaur.
The centaur is almost dead.
The centaur hits you with a +4 vorpal glaive!!
* * * LOW HITPOINT WARNING * * *
x2 The centaur closely misses you.
The centaur hits you with a +4 vorpal glaive!
You die...
Your body glows slightly and disappears.

#######....##..#.##.......#
#...####....#.......# #..>#
###..........# #...#
#.##.......# #...#
#.##.......# ♣ #c..#
#.##.......# ♣.#...#
#.##..(....# ♣.#...#
#.##.......# ...c..# #@#
♣.♣.#...## #c# ♣.#....# #.#
♣ #....### #.##
#...S..###..#
#...##....#.####
#...#####......#####
#....## ###.##.....#
#######..#..# #.###....#


You could see a centaur.

Vanquished Creatures
  A two-headed ogre (D:7)
  A cyclops (D:7)
  Sigmund (D:4)
  6 yaks (D:6)
  Menkaure (D:5)
  4 water moccasins
  Pargi (Sewer)
  3 black bears (D:7)
  3 scorpions
  2 water moccasin skeletons
  2 bullfrog zombies
  2 jellies
  A centaur skeleton (D:7)
  An orc priest (D:4)
  Ijyb (D:3)
  Terence (D:2)
  An iguana (D:6)
  4 orc wizards
  Natasha (thrice) (D:3)
  A hound zombie (D:5)
  A hound skeleton (D:5)
  3 gnolls (D:5)
  5 adders
  A white imp (D:7)
  2 adder skeletons
  A dart slug (D:2)
  22 orcs
  2 ball pythons
  5 bats
  5 endoplasms
  3 giant cockroaches (D:6)
  15 goblins
  4 hobgoblins
  11 jackals
  2 quokkas
  A frilled lizard (D:1)
  7 kobolds
  6 rats
136 creatures vanquished.

Vanquished Creatures (collateral kills)
  An orc warrior (D:6)
  2 orcs (D:6)
3 creatures vanquished.

Vanquished Creatures (others)
  60 plants
60 creatures vanquished.

Grand Total: 199 creatures vanquished

Notes
Turn   | Place    | Note
-------+----------+-------------------------------------------
     0 | D:1      | siradein the Vampire Gladiator began the quest for the Orb.
     0 | D:1      | Reached XP level 1. HP: 16/16 MP: 1/1
   144 | D:1      | Reached XP level 2. HP: 22/22 MP: 2/2
   252 | D:1      | You fall into a shaft and drop 1 floor!
   272 | D:2      | Noticed Terence
   286 | D:2      | Killed Terence
   287 | D:2      | Gained mutation: You are afflicted with vampirism and can
                  | become a bat while bloodless. [Vampire growth]
   287 | D:2      | Reached XP level 3. HP: 17/28 MP: 3/3
   383 | D:1      | Learned a level 2 spell: Corpse Rot
   812 | D:2      | Reached skill level 4 in Dodging
   999 | D:2      | Reached XP level 4. HP: 14/34 MP: 4/4
  1193 | D:2      | Found an ornate altar of the Wu Jian Council.
  1240 | D:3      | Found a faded altar of an unknown god.
  1649 | D:3      | Reached skill level 1 in Necromancy
  1650 | D:3      | Reached skill level 1 in Spellcasting
  1732 | D:3      | Noticed Natasha
  1745 | D:3      | Killed Natasha
  1746 | D:3      | Reached XP level 5. HP: 30/40 MP: 6/6
  1864 | D:3      | Noticed Ijyb
  1896 | D:3      | Killed Ijyb
  1976 | D:3      | Noticed Natasha
  2100 | D:3      | Killed Natasha
  2360 | D:3      | Found a sparkling altar of Nemelex Xobeh.
  2424 | D:3      | Became a worshipper of Nemelex Xobeh the Trickster
  2686 | D:3      | Noticed Natasha
  2702 | D:3      | Killed Natasha
  2905 | D:4      | Reached XP level 6. HP: 25/47 MP: 8/8
  3066 | D:4      | Found a staircase to the Ecumenical Temple.
  3069 | D:4      | Noticed Sigmund
  3088 | D:4      | Killed Sigmund
  3089 | D:4      | Reached skill level 1 in Invocations
  3171 | D:4      | Reached * piety under Nemelex Xobeh
  3222 | D:4      | Reached XP level 7. HP: 52/52 MP: 10/10
  3706 | D:4      | Received a gift from Nemelex Xobeh
  3815 | D:5      | Entered Level 5 of the Dungeon
  3831 | D:5      | Noticed Menkaure
  3836 | D:5      | Killed Menkaure
  3837 | D:5      | Reached skill level 5 in Dodging
  4174 | D:5      | Reached ** piety under Nemelex Xobeh
  4305 | D:5      | Reached skill level 5 in Long Blades
  4414 | D:5      | Reached XP level 8. HP: 27/60 MP: 12/12
  5488 | D:6      | Identified the +5 ring mail of Peek-a-Boo {rElec Str+3}
  5539 | D:6      | Reached skill level 6 in Dodging
  5571 | D:6      | Reached skill level 5 in Necromancy
  5571 | D:6      | Reached XP level 9. HP: 56/67 MP: 11/15
  5584 | D:6      | Reached skill level 5 in Fighting
  5849 | D:6      | Found a glowing drain.
  5868 | Sewer    | Entered a sewer
  5943 | Sewer    | Noticed Pargi
  5958 | Sewer    | Killed Pargi
  6337 | D:7      | Noticed a cyclops
  6349 | D:7      | Killed a cyclops
  6350 | D:7      | Reached skill level 7 in Dodging
  6401 | D:7      | Noticed a two-headed ogre
  6420 | D:7      | Killed a two-headed ogre
  6625 | D:7      | Reached skill level 5 in Spellcasting
  6672 | D:7      | Reached XP level 10. HP: 76/76 MP: 17/17
  6680 | D:7      | Slain by a centaur

Illustrated notes

Levels and vault maps discovered:
D:1:      wander_arrival_abandoned_jail, layout_loops_ring
D:2:      layout_rooms, basic_altar, uniq_terence
D:3:      kennysheep_goblin_castle, layout_loops_ring,
          nemelex_dance_club_becter, chequers_ecumenical_altar_island,
          grunt_ministairs_15, uniq_natasha
D:4:      layout_cave_pods, minmay_temple_entry_drinking_statues, serial_bayou,
          serial_bayou_pond_c, serial_bayou_pond_c, serial_bayou_pond_c,
          serial_bayou_ford_a, serial_bayou_pond_e, serial_bayou_shore_a,
          uniq_sigmund, uniq_ijyb
D:5:      layout_layer_cave, uniq_menkaure
D:6:      layout_loops_ring, portal_sewer_entry_b
D:7:      nzn_winding_woodlands_cross [nzn_winding_woodlands_5x15_lazy_stream,
          nzn_winding_woodlands_5x15_cabin,
          nzn_winding_woodlands_5x15_split_checker,
          nzn_winding_woodlands_5x15_eye,
          nzn_winding_woodlands_15x15_five_gardens], layout_rooms

Skill      XL: |  1  2  3  4  5  6  7  8  9 |
---------------+----------------------------+-----
Fighting       | 2 3 4 5 |  5.8
Dodging        | 4 5 6 7 |  7.5
Necromancy     | 1 2 3 5 6 |  6.2
Spellcasting   | 1 2 3 4 5 |  5.0
Long Blades    | 4 5 6 |  6.7
Invocations    | 1 2 3 4 |  4.7
Throwing       | |  1.5

Action                   |  1- 3 |  4- 6 |  7- 9 | 10-12 || total
-------------------------+-------+-------+-------+-------++-------
Melee: Long sword        |    67 |   166 |   321 |     8 ||   562
       Bite              |     7 |    16 |    44 |     2 ||    69
Throw: Throwing net      |     1 |       |     2 |       ||     3
       Dart              |       |     4 |     3 |       ||     7
 Cast: Corpse Rot        |       |       |     3 |       ||     3
Invok: Draw Destruction  |       |       |     3 |       ||     3
       Draw Summoning    |       |       |     1 |       ||     1
  Use: Scroll            |       |       |     5 |       ||     5
 Stab: Sleeping          |     2 |       |       |       ||     2
Armor: Leather armour    |    12 |       |       |       ||    12
       Ring mail         |    10 |    46 |   102 |     4 ||   162
Dodge: Dodged            |    52 |   135 |   285 |    14 ||   486

Table legend: (Time is in decaauts)
 A = Elapsed time spent in this place.
 B = Non-inter-level travel time spent in this place.
 C = Inter-level travel time spent in this place.
 D = Time resting spent in this place.
 E = Time spent auto-exploring this place.
 F = Levels seen in this place.
 G = Mean time per level.
                   A        B        C        D        E       F      G
               +--------+--------+--------+--------+--------+-----+--------+
         Total |   6794 |   6627 |    167 |    238 |   4146 |   8 |  849.2 |
       Dungeon |   6633 |   6466 |    167 |    238 |   4046 |   7 |  947.6 |
         Sewer |    160 |    160 |      0 |      0 |    100 |   1 |  160.0 |
               +--------+--------+--------+--------+--------+-----+--------+

Top non-repeatable levels by time:
     D:3: 1590 daAuts
     D:5: 1489 daAuts
     D:4: 1047 daAuts
     D:6: 787 daAuts
     D:1: 644 daAuts
     D:2: 612 daAuts
     D:7: 461 daAuts
   Sewer: 160 daAuts
